 Dungeon Crawl Stone Soup version 0.18-a0-1186-gd02dc51 (webtiles) character file.

45 ololoev the Firebug (level 3, -5/19 HPs)
             Began as a Deep Elf Fire Elementalist on Jan 28, 2016.
             Slain by a centaur (7 damage)
             ... on level 5 of the Dungeon.
             The game lasted 00:06:20 (681 turns).

ololoev the Firebug (Deep Elf Fire Elementalist)     Turns: 681, Time: 00:06:20

Health: -5/19      AC:  2    Str:  5    XL:     3   Next: 42%
Magic:  1/10       EV: 13    Int: 20    God:
Gold:   103        SH:  0    Dex: 15    Spells: 2 memorised, 5 levels left

rFire  . . .     SeeInvis .     k - +0 spear
rCold  . . .     Gourm    .     a - +0 robe
rNeg   . . .     Faith    .     (no shield)
rPois  .         Spirit   .     (no helmet)
rElec  .         Dismiss  .     (no cloak)
rCorr  .         Reflect  .     (no gloves)
SustAt +         Harm     .     (no boots)
MR     .....                    (no amulet)
Stlth  ++........               (no ring)
                                f - ring of sustain attributes

@: not resistant to hostile enchantments, unstealthy
A: no striking features
a: no special abilities

Inventory:

Hand Weapons
 k - a +0 spear (weapon)
Armour
 a - a +0 robe (worn)
Jewellery
 f - a ring of sustain attributes (left hand)
Scrolls
 e - a scroll of remove curse {unknown}
 l - a scroll of identify {unknown}
 n - a scroll of amnesia {unknown}
Potions
 g - a potion of flight {unknown}
 h - a potion of magic {unknown}
 i - a potion of haste {unknown}
 j - a potion of lignification {unknown}
 p - a potion of poison {unknown}
Books
 b - a book of Flames

   Spells                             Type                      Level
   a - Flame Tongue                   Conjuration/Fire             1
   b - Throw Flame                    Conjuration/Fire             2
   c - Conjure Flame                  Conjuration/Fire             3
   d - Inner Flame                    Hexes/Fire                   3
   e - Sticky Flame                   Conjuration/Fire             4
   f - Fireball                       Conjuration/Fire             5
Comestibles
 c - a bread ration
 d - 3 fruits
 o - a meat ration


   Skills:
 - Level 2.4 Dodging
 - Level 2.4 Stealth
 + Level 3.5 Spellcasting
 * Level 3.1 Conjurations
 + Level 3.5 Fire Magic


You had 5 spell levels left.
You knew the following spells:

 Your Spells              Type           Power        Failure   Level  Hunger
a - Flame Tongue          Conj/Fire      ###..        3%          1    None
b - Conjure Flame         Conj/Fire      ###.....     12%         3    ###....


You were on level 5 of the Dungeon.
You were not hungry.

You visited 1 branch of the dungeon, and saw 5 of its levels.

You collected 103 gold pieces.

.. # .#.#
.#. . .. ..
##### .#
...##...##(#
...!.....<.#
..#.......##
.?.....@..#
..#...c.[.#
##.....##
#.......
#.......#
#.......#
##.....##
##...##

Notes
Turn   | Place    | Note
--------------------------------------------------------------
     0 | D:1      | ololoev the Deep Elf Fire Elementalist began the quest for the Orb.
     0 | D:1      | Reached XP level 1. HP: 10/10 MP: 6/6
   209 | D:1      | Reached XP level 2. HP: 10/15 MP: 4/8
   353 | D:2      | Found a bloodstained altar of Trog.
   440 | D:2      | Reached XP level 3. HP: 17/19 MP: 5/9
   445 | D:2      | Learned a level 3 spell: Conjure Flame
   585 | D:4      | Found a radiant altar of Vehumet.
   617 | D:4      | Noticed Eustachio
   622 | D:4      | Found a shattered altar of Ashenzari.
   671 | D:5      | Entered Level 5 of the Dungeon
   671 | D:5      | Noticed a centaur
   681 | D:5      | Slain by a centaur

Dungeon Overview and Level Annotations

Branches:
Dungeon (5/15)
 Temple: D:4-7

Altars:
Ashenzari
Trog
Vehumet

Annotations:
D:4 Eustachio


Message History

Casting: Flame Tongue
Confirm with . or Enter, or press ? or * to list all spells.
Aiming: Flame Tongue
Press: ? - help, Shift-Dir - straight line, f - centaur
Aim: a centaur The flame tongue hits the centaur.
The centaur is lightly wounded.
The centaur closely misses you. The centaur barely misses you.
Casting: Flame Tongue
Confirm with . or Enter, or press ? or * to list all spells.
Aiming: Flame Tongue
Press: ? - help, Shift-Dir - straight line, f/p - centaur
Aim: a centaur (lightly wounded)
The flame tongue hits the centaur.
The centaur is moderately wounded.
The centaur hits you but does no damage.
Casting: Flame Tongue
Confirm with . or Enter, or press ? or * to list all spells.
Aiming: Flame Tongue
Press: ? - help, Shift-Dir - straight line, f/p - centaur
Aim: a centaur (moderately wounded)
The flame tongue hits the centaur.
The centaur is severely wounded.
The centaur hits you. The centaur barely misses you.
You hit the centaur.
The centaur is almost dead.
The centaur closely misses you.
You barely miss the centaur.
The centaur is almost dead.
The centaur hits you. x2
You hit the centaur.
The centaur is almost dead.
The centaur barely misses you. The centaur closely misses you.
You hit the centaur but do no damage.
The centaur is almost dead.
The centaur barely misses you.
You hit the centaur but do no damage.
The centaur is almost dead.
The centaur barely misses you. The centaur hits you!
You die...

You could see a centaur.

Vanquished Creatures
  3 adders (D:2)
  2 giant geckos
  2 goblins (D:2)
  2 hobgoblins (D:1)
  4 bats
  A giant newt (D:1)
  2 kobolds
  3 rats (D:1)
19 creatures vanquished.

Action                   || total
-------------------------++-------
Melee: Dagger            ||     1
       Spear             ||    14
 Cast: Flame Tongue      ||    39
 Stab: Sleeping          ||     3

Vault maps used:
D:1:      nicolae_arrival_washed_ashore, minmay_rat_gold_closets
D:2:      kennysheep_goblin_castle, bloody_trog, hangedman_decor_growths
D:4:      vehumet_crystals, nicolae_ashenzari_panopticon, uniq_eustachio
D:5:      minmay_temple_entry_fiery, serial_shops, nicolae_shop_crystal,
          first_bread
